 Dungeon Crawl Stone Soup version 0.20.1-1-g8b1a95d (webtiles) character file.

14828744 dvd the Axe Maniac (level 27, 273/273 HPs)
             Began as a Formicid Fighter on Aug 30, 2017.
             Was the Champion of the Shining One.
             Escaped with the Orb
             ... and 14 runes on Sept 1, 2017!
             The game lasted 07:59:40 (92741 turns).

dvd the Axe Maniac (Formicid Fighter)              Turns: 92741, Time: 07:59:41

Health: 273/273    AC: 47    Str: 29    XL:     27
Magic:  50/50      EV: 15    Int:  7    God:    the Shining One [******]
Gold:   14102      SH: 43    Dex: 22    Spells: 44/55 levels left

rFire    + . .     SeeInvis +   d - +8 war axe of the Equinox {speed, rElec rPois Int-4}
rCold    + + .     Gourm    .   X - +8 large shield {AC+3}
rNeg     + + +     Faith    .   g - +9 scales of the Dragon King {rPois rF+ rC+ MR+}
rPois    +         Spirit   .   (helmet unavailable)
rElec    +         Reflect  +   S - scarf {cloud immunity}
rCorr    +         Harm     .   m - +2 pair of gloves "Gyoz Tasoih" {Dex+2}
MR       ++++.                  u - +2 pair of boots of the Ego {rC- Regen+ MP+9 Slay+5}
Stlth    ..........             Z - +3 amulet of reflection
Regen    1.0/turn               O - ring "Ginweok" {rC+ Int+5 Dex+2}
MPRegen  0.4/turn               e - ring "Oseq" {rCorr Str+3 Dex+2 Slay+3 Stlth-}

@: glowing
A: permanent stasis, dig shafts and tunnels, four strong arms, antennae 3, large
bone plates 1, cold resistance 1, dopey 2, magic resistance 1, robust 1, subdued
magic 1, MP-powered wands
0: Orb of Zot
}: 14/15 runes: barnacled, slimy, silver, iron, obsidian, icy, bone, abyssal,
demonic, glowing, magical, fiery, dark, gossamer
a: Dig, Shaft Self, Divine Shield, Cleansing Flame, Summon Divine Warrior,
Renounce Religion


You escaped.
You worshipped the Shining One.
The Shining One was exalted by your worship.
You were hungry.

You visited 17 branches of the dungeon, and saw 87 of its levels.
You visited Pandemonium 1 time, and saw 21 of its levels.
You visited the Abyss 2 times.
You visited 1 bazaar.
You also visited: Bailey, Ice Cave and Wizlab.

You collected 16098 gold pieces.
You spent 1996 gold pieces at shops.

Inventory:

Hand Weapons
 a - a +9 executioner's axe of holy wrath
 b - a +6 arbalest of velocity
 c - a +9 executioner's axe of flaming
 d - the +8 war axe of the Equinox (weapon) {speed, rElec rPois Int-4}
   (Okawaru gifted it to you on level 5 of the Pits of Slime)

   Attacks with this weapon are significantly faster.
   It affects your intelligence (-4).
   It insulates you from electricity.
   It protects you from poison.
 W - the +8 mithril axe "Arga" {speed, MR+}
   (Okawaru gifted it to you on level 5 of the Vaults)

   Attacks with this weapon are significantly faster.
   It affects your resistance to hostile enchantments.
Missiles
 v - 1956 bolts
 I - 100 javelins (quivered)
Armour
 g - the +9 scales of the Dragon King (worn) {rPois rF+ rC+ MR+}
   (You found it on level 3 of the Elven Halls)

   It protects you from fire.
   It protects you from cold.
   It protects you from poison.
   It affects your resistance to hostile enchantments.
 i - a +2 pair of boots of flying
 m - the +2 pair of gloves "Gyoz Tasoih" (worn) {Dex+2}
   (Okawaru gifted it to you on level 3 of the Shoals)

   It affects your dexterity (+2).
 u - the +2 pair of boots of the Ego (worn) {rC- Regen+ MP+9 Slay+5}
   (You bought it in a shop on level 1 of the Elven Halls)

   It affects your accuracy and damage with ranged weapons and melee attacks
   (+5).
   It makes you vulnerable to cold.
   It affects your magic capacity (+9).
   It increases your rate of regeneration.
 w - a +5 shield of cold resistance
 G - the +4 storm dragon scales "Xuefekil" {rElec Int+4}
   (You found it on level 3 of the Elven Halls)

   It affects your intelligence (+4).
   It insulates you from electricity.
 H - the +1 pair of boots "Peolir" {rF++ Regen+ Str+4 Dex-4}
   (You found it in Pandemonium)

   It affects your strength (+4).
   It affects your dexterity (-4).
   It greatly protects you from fire.
   It increases your rate of regeneration.
 S - a scarf of cloud immunity (worn)
 X - a +8 large shield of protection (worn)
Jewellery
 e - the ring "Oseq" (right hand) {rCorr Str+3 Dex+2 Slay+3 Stlth-}
   (You bought it in a shop in a bazaar)

   [ring of resist corrosion]

   It affects your strength (+3).
   It affects your dexterity (+2).
   It affects your accuracy and damage with ranged weapons and melee attacks
   (+3).
   It makes you less stealthy.
 q - the ring of Suspected Treachery {Wiz rF+}
   (You found it on level 7 of Tartarus)

   [ring of wizardry]

   It improves your spell success rate.
   It protects you from fire.
 B - the amulet "Fusycs" {Spirit +Inv rPois rF+ MR-}
   (You acquired it on level 3 of the Depths)

   [amulet of guardian spirit]

   It causes incoming damage to be split between your health and magic.
   It protects you from fire.
   It protects you from poison.
   It affects your resistance to hostile enchantments.
   It lets you turn invisible.
 L - the ring "Fumonug" {rPois rF+++ rN+ Int-5 Stlth-}
   (You acquired it on level 3 of the Elven Halls)

   [ring of positive energy]

   It affects your intelligence (-5).
   It renders you almost immune to fire.
   It protects you from poison.
   It protects you from negative energy.
   It makes you less stealthy.
 M - the ring of Jealousy {Fire rPois rN+ Int+3 Dex+4}
   (You took it off a deep elf mage on level 3 of the Elven Halls)

   [ring of fire]

   It enhances your fire magic.
   It affects your intelligence (+3).
   It affects your dexterity (+4).
   It protects you from fire.
   It makes you vulnerable to cold.
   It protects you from poison.
   It protects you from negative energy.
 N - the ring "Tuihiely" {rF+ rC+ Int-2 Dex+5 Stlth+}
   (You found it on level 5 of the Pits of Slime)

   [ring of stealth]

   It affects your intelligence (-2).
   It affects your dexterity (+5).
   It protects you from fire.
   It protects you from cold.
   It makes you more stealthy.
 O - the ring "Ginweok" (left hand) {rC+ Int+5 Dex+2}
   (You took it off a blood saint in Pandemonium)

   [ring of intelligence]

   It affects your intelligence (+5).
   It affects your dexterity (+2).
   It protects you from cold.
 R - the ring "Degaur" {Fire Int+2 Dex+4 Slay+2}
   (You found it in Pandemonium)

   [ring of fire]

   It enhances your fire magic.
   It affects your intelligence (+2).
   It affects your dexterity (+4).
   It affects your accuracy and damage with ranged weapons and melee attacks
   (+2).
   It protects you from fire.
   It makes you vulnerable to cold.
 U - the ring "Ygesoovu" {+Blink rN+ MR+ Int+6}
   (You took it off a necromancer on level 3 of the Crypt)

   [ring of positive energy]

   It affects your intelligence (+6).
   It protects you from negative energy.
   It affects your resistance to hostile enchantments.
   It lets you blink.
 Z - a +3 amulet of reflection (around neck)
Scrolls
 h - 32 scrolls of identify
 j - 3 scrolls of enchant armour
 k - 16 scrolls of recharging
 l - 35 scrolls of remove curse
 n - 4 scrolls of holy word
 p - 13 scrolls of fear
 s - 10 scrolls of fog
 D - 3 scrolls of summoning
 J - 9 scrolls of silence
 K - a scroll of enchant weapon
 P - 3 scrolls of magic mapping
Potions
 o - 10 potions of resistance
 t - 7 potions of brilliance
 y - 9 potions of cancellation
 z - 27 potions of curing
 A - 12 potions of heal wounds
 T - 8 potions of mutation
 V - 4 potions of might
 Y - 11 potions of ambrosia
Comestibles
 f - 53 bread rations
 r - 61 fruits
 x - 7 royal jellies
 C - 42 meat rations


   Skills:
 O Level 27 Fighting
 O Level 27 Axes
   Level 0.4(18.7) Maces & Flails
 * Level 25.6 Crossbows
 + Level 6.8 Throwing
 O Level 27 Armour
 + Level 9.6 Dodging
 + Level 4.7 Stealth
 O Level 27 Shields
 * Level 14.5 Spellcasting
 * Level 18.1 Charms
   Level 7.7 Necromancy
 + Level 6.9 Translocations
 * Level 9.5 Air Magic
 O Level 27 Invocations
 + Level 1.2 Evocations


You had 44 spell levels left.
You knew the following spells:

 Your Spells              Type           Power        Failure   Level  Hunger
a - Deflect Missiles      Chrm/Air       ###.......   26%         6    #######
b - Shroud of Golubria    Chrm/Tloc      ###.......   1%          2    None
c - Song of Slaying       Chrm           ###.....     1%          2    None
d - Apportation           Tloc           ##....       2%          1    None


Dungeon Overview and Level Annotations

Branches:
Dungeon (15/15)            Temple (1/1) D:4            Lair (6/6) D:9
 Shoals (4/4) Lair:3       Spider (4/4) Lair:2        Slime (5/5) Lair:5
    Orc (2/2) D:11            Elf (3/3) Orc:2        Vaults (5/5) D:13
  Crypt (3/3) Vaults:2       Tomb (0/3) Crypt:3      Depths (5/5) D:15
   Hell (1/1)                 Dis (7/7) Hell            Geh (7/7) Hell
    Coc (7/7) Hell            Tar (7/7) Hell            Zot (5/5) Depths:5

Altars:
Ashenzari
Cheibriados
Dithmenos
Elyvilon
Fedhas
Gozag
Hepliaklqana
Kikubaaqudgha
Makhleb
Nemelex Xobeh
Okawaru
Qazlal
Ru
Sif Muna
Trog
Uskayaw
Vehumet
Xom
Yredelemnul
Zin
The Shining One
Beogh
Jiyva

Shops:
D:4 *   D:5 !   D:7 =   D:10 }   D:11 *   Orc:2 *}?[   Elf:1 [}(   Elf:2 ?
Vaults:3 %   Depths:1 *}!

Portals:
Hell: Depths:1 Depths:2 Depths:3 Depths:4 Depths:5
Abyss: Depths:1 Depths:4
Pandemonium: Orc:2 Depths:3
Ziggurat: Depths:5
Trove: Vaults:4 (give +5 demon whip)


Innate Abilities, Weirdness & Mutations

You cannot be hasted, slowed, berserked, paralysed or teleported.
You can dig through walls and to a lower floor.
Your four strong arms can wield two-handed weapons with a shield.
You have a pair of large antennae on your head. (SInv)
You are partially covered in large bone plates. (SH +4)
Your flesh is cold resistant. (rC+)
You are very dopey. (Int -4)
You are resistant to hostile enchantments. (MR+)
You are robust. (+10% HP)
Your spells are a little easier to cast, but a little less powerful.
You expend magic power (3 MP) to strengthen your wands.


Message History

There is a stone staircase leading up here.
You climb upwards.
There is a stone staircase leading down here.
You sense a monster nearby.
You open the door.
A ynoxinul comes into view.
The ynoxinul bellows!
The ynoxinul gestures.
There is an open door here.
You block the ufetubus's attack. x2; The ufetubus closely misses you.
The ufetubus barely misses you.
You slash the ufetubus!
You kill the ufetubus!
You slash the ynoxinul! You chop the ynoxinul into pieces!!!
You kill the ynoxinul!
The Shining One accepts your kill.
The ufetubus disappears in a puff of smoke!
There is a staircase leading out of the dungeon here.
You have escaped!

#..# ###.###.# #..##
####..######.###.# ##..##
..##........).##.#
######.....
......######..#..###
#........##
...>.#######.......#
#.####..##
.............++§'''## #.#
#..#
.(..####.....+....+.###.#
#..### ....#
#.###.+...§+..##.####.....
..#.#
#.###.+..@.+.......##.....
###.#
#.....+....+...........#.#
#.#
#..##.++'''+........#..##.
#.#
#..###..)...........#..#.#
#.####..#
#.##..............##.
#.......#
#.###..........##....
#.#####.# #.#
#..........######
#.#####.###.###..........###
#..........................#


There were no monsters in sight!

Vanquished Creatures
  Cerebov (Pan)
  Antaeus (Coc:7)
  the Royal Jelly (Slime:5)
  Asmodeus (Geh:7)
  Gloorx Vloq (Pan)
  Ereshkigal (Tar:7)
  A seraph (Pan)
  Lom Lobon (Pan)
  the Serpent of Hell (Coc:7)
  Mnoleg (Pan)
  Dispater (Dis:7)
  7 ancient liches
  Mennas (Depths:3)
  Mara (Vaults:2)
  8 orbs of fire
  3 juggernauts
  14 pandemonium lords
  A shard shrike (shapeshifter) (Vaults:5)
  Margery (Depths:1)
  6 shard shrikes
  A caustic shrike (Depths:3)
  Frederick (Depths:4)
  Saint Roka (Elf:3)
  A curse toe (Zot:5)
  2 Killer Klowns
  Geryon (Hell)
  14 golden dragons
  3 doom hounds
  The ghost of dxctxrx the Warrior, an adept DrCj of Vehumet (Elf:3)
  20 Brimstone Fiends
  11 bone dragons
  20 Tzitzimimeh
  24 Ice Fiends
  5 electric golems
  5 iron giants
  13 tentacled monstrosities
  Rupert (D:15)
  12 Hell Sentinels
  A shard shrike skeleton (Crypt:2)
  A hellephant (Hell)
  11 liches
  25 Orb Guardians
  10 deep elf blademasters
  15 titans
  9 quicksilver dragons
  5 deep elf master archers (Pan)
  24 acid blobs
  30 Executioners
  Gastronok (Orc:1)
  4 ancient champions
  9 death cobs
  2 sphinxes
  2 eldritch tentacles
  13 tentacled starspawn
  4 krakens (Shoals:2)
  8 draconian monks
  Donald (Orc:2)
  17 storm dragons
  Ilsuiw (Shoals:4)
  5 azure jellies
  19 daevas
  14 shadow dragons
  9 vault wardens
  5 tengu reavers
  12 iron dragons
  4 draconian knights
  An orc warlord (Orc:2)
  11 blood saints (Pan)
  The ghost of ThereIsNoGod the Peltast, a journeyman DrIE of Ru (D:13)
  19 frost giants
  2 emperor scorpions
  20 fire giants
  10 warmongers (Pan)
  31 cacodemons
  9 corrupters (Pan)
  Louise (Elf:1)
  4 draconian scorchers
  5 ghost moths
  The ghost of Thaneod the Peltast, a journeyman MiBe of Trog (Lair:6)
  42 balrugs
  Aizul (Spider:3)
  7 deep elf sorcerers
  8 deep elf elementalists
  3 ghouls (Crypt:1)
  6 draconian shifters
  4 spriggan defenders
  A juggernaut zombie (Hell)
  20 ironheart preservers
  26 angels (Pan)
  3 curse skulls
  8 draconian annihilators
  23 very ugly things
  3 draconian stormcallers
  17 war gargoyles
  44 reapers
  A caustic shrike skeleton (Crypt:1)
  18 ophanim (Pan)
  23 apis (Pan)
  5 entropy weavers
  3 elemental wellsprings
  43 starcursed masses
  13 vampire knights
  36 stone giants
  10 black draconians
  10 deep elf demonologists
  15 white draconians
  15 black suns (Pan)
  23 purple draconians
  12 deep elf annihilators
  Nessos (D:15)
  5 green draconians
  11 red draconians
  14 lorocyprocas
  15 spark wasps
  9 dire elephants
  9 yellow draconians
  34 green deaths
  6 crystal guardians
  13 deep elf death magi
  13 ettins
  12 death oozes
  10 merfolk impalers
  28 blizzard demons
  5 merfolk javelineers (Shoals:4)
  3 quicksilver dragon zombies
  9 statues (WizLab)
  6 jiangshi
  16 fire dragons
  2 deep elf high priests
  32 vault guards
  4 quicksilver dragon skeletons
  15 yaktaur captains
  2 spriggan air magi
  13 great orbs of eyes
  10 rakshasas
  5 hydras
  9 hell beasts
  29 ice dragons
  An alligator snapping turtle (Shoals:4)
  10 monstrous demonspawn
  5 merfolk avatars
  5 catoblepae
  10 centaur warriors
  47 two-headed ogres
  2 ghost crabs
  5 merfolk aquamancers (Shoals:4)
  2 anacondas (shapeshifter)
  33 dancing weapons
  12 tengu warriors
  15 deep troll shamans
  4 death knights
  19 ogre magi
  An alligator snapping turtle (shapeshifter) (Vaults:5)
  9 death yaks (Lair:6)
  9 vampire magi
  5 spriggan berserkers
  11 deep troll earth magi
  6 orc high priests (Orc:2)
  26 hell hogs
  8 titan zombies
  A titan skeleton (Tar:4)
  11 thrashing horrors
  47 soul eaters
  31 deep elf knights
  Sonja (D:15)
  10 iron trolls
  52 hell knights
  7 storm dragon zombies
  84 sun demons
  2 fire crabs (shapeshifter)
  82 skeletal warriors
  10 shadow wraiths
  A salamander mystic (Depths:5)
  9 wretched stars
  7 iron golems
  11 storm dragon skeletons
  9 cherubim (Pan)
  25 sixfirhies
  2 death drakes
  12 sea snakes
  14 gelid demonspawn
  2 spatial maelstroms
  An unseen horror (shapeshifter) (Depths:4)
  10 glowing orange brains
  4 anaconda zombies
  A ghost moth zombie (Abyss:2)
  3 golden dragon zombies
  4 unseen horrors
  10 torturous demonspawn
  38 deep trolls
  A kraken simulacrum (Coc:7)
  18 deep elf archers
  7 flayed ghosts
  A lindwurm (Lair:6)
  5 shadow dragon zombies
  32 shadow demons
  An iron giant skeleton (Crypt:2)
  17 infernal demonspawn
  25 ironbrand convokers
  17 phantasmal warriors
  2 swamp dragons (shapeshifter)
  5 wizards
  5 golden dragon skeletons
  A sphinx zombie (Hell)
  21 orb spiders
  Pikel (D:8)
  7 anaconda skeletons
  23 ugly things
  95 deep elf magi
  8 orc sorcerers
  3 wolf spider zombies
  4 iron dragon zombies
  13 harpies
  16 orc knights
  34 necromancers
  33 wolf spiders
  7 manticores
  6 stone giant zombies
  4 shadow dragon skeletons
  7 salamanders
  3 fire giant zombies
  11 cyclopes
  6 frost giant skeletons
  A manticore (shapeshifter) (Vaults:5)
  5 shining eyes
  6 frost giant zombies
  A moth of wrath (shapeshifter) (Depths:3)
  7 fire giant skeletons
  22 moths of wrath
  4 worldbinders
  7 fauns
  26 elephants
  2 dire elephant zombies
  10 merfolk sirens
  28 rust devils
  A toenail golem (D:4)
  2 apocalypse crabs (Abyss:4)
  2 shock serpent zombies
  9 iron dragon skeletons
  A black mamba (shapeshifter) (Depths:3)
  21 vault sentinels
  9 stone giant skeletons
  6 black mambas
  An elephant (shapeshifter) (Vaults:1)
  5 eyes of devastation
  10 titan simulacra (Coc:7)
  44 orange demons
  94 smoke demons
  7 water nymphs
  5 ice statues
  A guardian serpent (Abyss:2)
  9 molten gargoyles
  Maurice (Orc:2)
  2 gargoyles
  5 storm dragon simulacra (Coc:7)
  7 dire elephant skeletons
  2 water nymphs (shapeshifter)
  A torpor snail (Lair:6)
  5 human zombies
  A spriggan skeleton (Depths:1)
  34 demonic crawlers
  2 komodo dragons
  13 efreet
  41 hellions
  A red draconian zombie (Tar:4)
  29 freezing wraiths
  3 kobold demonologists
  14 spiny frogs
  A yaktaur (shapeshifter) (Vaults:4)
  35 yaktaurs
  A rime drake (Lair:4)
  An emperor scorpion zombie (Dis:7)
  53 ice devils
  38 tormentors
  7 ancient zymes
  A golden dragon simulacrum (Crypt:2)
  46 hellwings
  A redback zombie (D:14)
  2 anaconda simulacra (Coc:7)
  A catoblepas skeleton (Geh:4)
  A yaktaur skeleton (Vaults:2)
  53 red devils
  A pale draconian skeleton (Crypt:2)
  6 tengu conjurers
  4 harpy zombies
  A purple draconian zombie (Crypt:1)
  40 jumping spiders
  2 silent spectres (Tar:7)
  22 merfolk
  A minotaur zombie (Crypt:2)
  A polar bear (Lair:6)
  4 wind drakes
  9 trolls
  2 trolls (shapeshifter)
  10 hydra zombies
  A sphinx simulacrum (Vaults:3)
  A hornet (shapeshifter) (Vaults:1)
  3 hydra skeletons
  A merfolk (shapeshifter) (Vaults:3)
  11 bog bodies
  A wolf spider simulacrum (Abyss:2)
  A minotaur skeleton (Hell)
  18 hornets
  4 harpy skeletons
  6 fire dragon zombies
  3 alligator zombies
  13 hippogriffs
  19 raiju
  A frost giant simulacrum (Crypt:2)
  107 slime creatures
  8 snapping turtles
  4 ettin zombies
  19 blink frogs
  A stone giant simulacrum (Vaults:2)
  A meliai zombie (Crypt:1)
  5 dream sheep
  5 fire dragon skeletons
  74 flying skulls
  2 vampires
  3 black mamba zombies
  A spriggan zombie (Hell)
  9 air elementals
  5 ice dragon zombies
  10 ettin skeletons
  An alligator skeleton (Hell)
  A black mamba skeleton (Geh:4)
  31 tarantellas
  4 ice dragon skeletons
  60 ynoxinuls
  77 redbacks
  5 spriggans
  23 shadows
  73 large abominations
  23 wraiths
  5 wyverns
  2 humans (shapeshifter) (Vaults:2)
  2 fire bats (shapeshifter) (Vaults:5)
  25 water elementals
  A basilisk (shapeshifter) (D:14)
  7 fire bats
  A wyvern (shapeshifter) (Vaults:1)
  36 yaks
  20 golden eyes
  32 fire elementals
  6 vampire mosquitoes
  44 chaos spawn
  A steam dragon (D:9)
  3 hungry ghosts
  2 basilisks
  An emperor scorpion simulacrum (Hell)
  A warg (shapeshifter) (Vaults:1)
  5 human simulacra
  38 neqoxecs
  2 spatial vortices
  An infernal demonspawn zombie (Crypt:3)
  7 humans (Zot:1)
  3 insubstantial wisps (Abyss:2)
  5 spiny frog zombies
  13 hydra simulacra
  3 wargs
  4 acid dragons
  23 hell hounds
  3 floating eyes
  14 water moccasins
  15 porcupines
  A gelid demonspawn skeleton (Crypt:1)
  An infernal demonspawn skeleton (Tar:4)
  Duvessa (D:5)
  4 spiny frog skeletons
  7 black bears
  A merfolk skeleton (Coc:4)
  53 orc warriors
  An ice dragon simulacrum (Crypt:2)
  7 sky beasts
  A swamp dragon zombie (Crypt:3)
  3 snapping turtle zombies
  3 ettin simulacra
  8 ice beasts (Lair:3)
  An alligator simulacrum (Coc:7)
  A manticore zombie (Geh:4)
  23 necrophages
  4 phantoms
  6 boggarts
  9 eyes of draining
  51 ogres
  5 human skeletons
  A blink frog skeleton (Crypt:2)
  3 snapping turtle skeletons
  3 swamp dragon skeletons
  14 centaurs
  8 wolves
  14 crocodiles
  A manticore skeleton (Tar:7)
  An elf simulacrum (Vaults:4)
  4 big kobolds
  Blork the orc (D:6)
  19 bullfrogs
  2 elf zombies
  A bullfrog (shapeshifter) (Vaults:5)
  Dowan (D:5)
  3 earth elementals
  2 spiny frog simulacra (Hell)
  4 elf skeletons
  5 scorpions
  10 killer bees
  A troll skeleton (Tar:4)
  A vampire bat (D:13)
  36 wights
  A howler monkey (D:8)
  An electric eel (Spider:2)
  20 crimson imps
  2 bullfrog zombies
  4 quasits
  13 small abominations
  3 centaur zombies
  3 draconian simulacra (IceCv)
  2 bullfrog skeletons (D:13)
  7 hounds
  5 centaur skeletons
  32 orc priests
  Crazy Yiuf (D:2)
  21 iron imps
  3 jellies
  30 orc wizards
  An iguana (D:7)
  7 hell rats
  12 worker ants
  2 troll simulacra (IceCv)
  5 tengu zombies
  3 centaur simulacra
  A naga skeleton (Geh:7)
  An acid dragon skeleton (Crypt:1)
  4 hound zombies
  A mummy (Coc:7)
  3 worker ant zombies
  2 gnolls (Bailey)
  12 adders
  2 naga simulacra (IceCv)
  An ogre simulacrum (IceCv)
  A steam dragon skeleton (Crypt:1)
  9 shadow imps
  15 white imps
  3 ufetubi
  2 oozes (D:2)
  2 adder zombies
  A worm (D:6)
  3 dart slugs
  5 leopard geckos
  104 orcs
  15 bats
  5 giant cockroaches
  13 goblins
  11 hobgoblins
  8 jackals
  A quokka (D:3)
  2 ball pythons
  A ball python zombie (D:5)
  5 frilled lizards
  A jackal skeleton (Crypt:2)
  30 kobolds
  A kobold zombie (Tar:7)
  A quokka skeleton (D:5)
  A quokka zombie (D:6)
  8 rats
  A fire vortex (Pan)
  7 fungi
  45 plants
  18 starspawn tentacles
  10 tentacles (Shoals:2)
5204 creatures vanquished.

Vanquished Creatures (collateral kills)
  A pandemonium lord (Pan)
  An Ice Fiend (Pan)
  A fire giant (Geh:7)
  2 balrugs (Pan)
  A ghost moth (Pan)
  A cacodemon (Pan)
  An angel (Pan)
  A stone giant (Pan)
  A reaper (Pan)
  A green draconian (Pan)
  A lorocyproca (Pan)
  2 black suns (Pan)
  2 blizzard demons (Pan)
  3 green deaths (Pan)
  A quicksilver dragon zombie (Geh:7)
  A monstrous demonspawn (Pan)
  A hell beast (Pan)
  11 sun demons
  A soul eater (Pan)
  5 infernal demonspawn (Pan)
  2 hell knights (Geh:7)
  A shadow demon (Pan)
  A deep elf archer (Pan)
  A shining eye (Pan)
  A rust devil (Pan)
  5 orange demons (Pan)
  5 smoke demons (Pan)
  An emperor scorpion zombie (Geh:7)
  2 hellions (Pan)
  5 demonic crawlers (Pan)
  3 tormentors (Pan)
  An efreet (Pan)
  8 red devils (Pan)
  2 hellwings (Pan)
  An ice dragon skeleton (Coc:7)
  3 large abominations (Pan)
  3 ynoxinuls (Pan)
  A hungry ghost (D:14)
  A fire bat (Geh:7)
  A chaos spawn (Pan)
  A neqoxec (Pan)
  A spiny frog zombie (Coc:7)
  A spiny frog skeleton (Coc:7)
  A crimson imp (Pan)
  A white imp (Coc:7)
92 creatures vanquished.

Vanquished Creatures (others)
  An Orb Guardian (Zot:5)
  3 eldritch tentacles
  2 deep elf master archers (Elf:3)
  A storm dragon (Zot:5)
  A frost giant (Depths:2)
  2 balrugs (Pan)
  3 elemental wellsprings (Coc:7)
  6 stone giants
  A deep elf annihilator (Pan)
  A merfolk javelineer (Shoals:4)
  3 yaktaur captains
  A great orb of eyes (Vaults:5)
  A rakshasa (Pan)
  2 centaur warriors
  A hell hog (Geh:7)
  A soul eater (Pan)
  2 deep elf knights
  A deep elf archer (Elf:3)
  An infernal demonspawn (Pan)
  A shadow dragon skeleton (Depths:1)
  2 fauns (Shoals:2)
  2 cyclopes
  A manticore (Shoals:4)
  A smoke demon (Pan)
  A molten gargoyle (Geh:4)
  5 yaktaurs
  A merfolk (Shoals:4)
  A jumping spider (Spider:1)
  A tarantella (Spider:4)
  A spriggan (Depths:2)
  A ynoxinul (Pan)
  2 wraiths
  A fire elemental (Geh:4)
  2 chaos spawn (Pan)
  2 neqoxecs (Pan)
  A spiny frog zombie (Abyss:2)
  3 centaurs (Vaults:1)
  A small abomination (Abyss:3)
  A crimson imp (Geh:7)
  A white imp (Coc:1)
  22 fungi
  2 lurking horrors
  6 plants
  16 starspawn tentacles
  14 tentacles
126 creatures vanquished.

Grand Total: 5422 creatures vanquished

Notes
Turn   | Place    | Note
-------+----------+-------------------------------------------
     0 | D:1      | dvd the Formicid Fighter began the quest for the Orb.
     0 | D:1      | Reached XP level 1. HP: 18/18 MP: 1/1
    50 | D:1      | Reached XP level 2. HP: 24/24 MP: 2/2
   443 | D:1      | Reached XP level 3. HP: 29/29 MP: 3/3
   736 | D:2      | Found a runed door.
   740 | D:2      | Noticed Crazy Yiuf
   752 | D:2      | Killed Crazy Yiuf
   752 | D:2      | Reached XP level 4. HP: 21/37 MP: 4/4
  1555 | D:2      | Found a sparkling altar of Nemelex Xobeh.
  1560 | D:2      | Reached XP level 5. HP: 42/42 MP: 5/5
  2545 | D:4      | Reached XP level 6. HP: 47/48 MP: 6/6
  2638 | D:4      | Noticed an ogre
  2645 | D:4      | Killed an ogre
  2645 | D:4      | Reached skill level 1 in Dodging
  2645 | D:4      | Reached skill level 5 in Shields
  2661 | D:4      | Reached skill level 1 in Stealth
  2664 | D:4      | HP: 2/48 [orc priest/nerve-wracking pain (10)]
  2667 | D:4      | Reached XP level 7. HP: 30/55 MP: 7/7
  3015 | D:4      | Found a staircase to the Ecumenical Temple.
  3024 | Temple   | Entered the Ecumenical Temple
  3061 | Temple   | Became a worshipper of Warmaster Okawaru
  3383 | D:4      | Found Zoipn's Assorted Antiques.
  3709 | D:5      | Entered Level 5 of the Dungeon
  3812 | D:5      | Noticed Dowan
  3813 | D:5      | Noticed Duvessa
  3834 | D:5      | Killed Duvessa
  3834 | D:5      | Reached skill level 5 in Axes
  3849 | D:5      | Killed Dowan
  4064 | D:5      | Reached XP level 8. HP: 61/61 MP: 8/8
  4227 | D:5      | Got a bloodstained dagger
  4228 | D:5      | Identified the +9 dagger of Trog's Vengeance {pierce, Stlth+} (You found it on level 5 of the Dungeon)
  4307 | D:5      | Reached * piety under Okawaru
  4323 | D:5      | Found Hygymn's Distillery.
  4331 | D:5      | Bought a potion of curing for 42 gold pieces
  4331 | D:5      | Bought a potion of curing for 42 gold pieces
  4331 | D:5      | Bought 2 potions of heal wounds for 140 gold pieces
  4331 | D:5      | Bought a potion of curing for 42 gold pieces
  4655 | D:6      | Noticed a yak
  4661 | D:6      | Noticed a yak
  4661 | D:6      | Noticed a yak
  4669 | D:6      | Killed a yak
  4669 | D:6      | Reached skill level 5 in Fighting
  4675 | D:6      | Killed a yak
  4675 | D:6      | Reached skill level 5 in Armour
  4676 | D:6      | Killed a yak
  4676 | D:6      | Reached ** piety under Okawaru
  4698 | D:6      | Reached XP level 9. HP: 50/68 MP: 6/9
  5143 | D:6      | Noticed Blork the orc
  5153 | D:6      | Killed Blork the orc
  5608 | D:7      | Found Exze's Jewellery Shop.
  5787 | D:7      | Noticed a hippogriff
  5797 | D:7      | Killed a hippogriff
  6285 | D:8      | Reached *** piety under Okawaru
  6285 | D:8      | Reached XP level 10. HP: 69/76 MP: 10/10
  6383 | D:8      | Found an iron altar of Okawaru.
  6560 | D:8      | Noticed Pikel
  6590 | D:8      | Killed Pikel
  6590 | D:8      | Reached skill level 10 in Axes
  7232 | D:9      | Found a staircase to the Lair.
  7257 | D:9      | Reached **** piety under Okawaru
  7464 | D:9      | Got a scorched golden ring
  7465 | D:9      | Identified the ring of Ripocuze {Fire Str+3} (You found it on level 9 of the Dungeon)
  7545 | D:9      | Gained mutation: You are robust. (+10% HP) [potion of mutation]
  7545 | D:9      | Gained mutation: You are partially covered in slimy green scales. (AC +2) [potion of mutation]
  7545 | D:9      | Gained mutation: You are partially covered in icy blue scales. (AC +2) [potion of mutation]
  7726 | D:9      | Noticed a two-headed ogre
  7736 | D:9      | Killed a two-headed ogre
  7736 | D:9      | Reached ***** piety under Okawaru
  7736 | D:9      | Reached XP level 11. HP: 77/91 MP: 11/11
  7838 | D:9      | Noticed a two-headed ogre
  7844 | D:9      | Killed a two-headed ogre
  8278 | D:10     | Entered Level 10 of the Dungeon
  8337 | D:10     | Found Emuprouf's Quality Used Wands.
  8521 | D:10     | Received a gift from Okawaru
  8736 | D:10     | Learned a level 3 spell: Regeneration
  8739 | D:10     | Learned a level 2 spell: Shroud of Golubria
  8742 | D:10     | Learned a level 2 spell: Song of Slaying
  8742 | D:10     | Found a shattered altar of Ashenzari.
  8952 | Lair:1   | Entered Level 1 of the Lair of Beasts
  9205 | Lair:1   | Reached skill level 1 in Charms
  9673 | Lair:2   | Found a shimmering altar of Xom.
  9759 | Lair:2   | Reached skill level 1 in Invocations
  9812 | Lair:2   | Lost intelligence.
 10088 | Lair:2   | Reached XP level 12. HP: 93/101 MP: 12/12
 10108 | Lair:2   | Found a hole to the Spider Nest.
 10121 | Lair:2   | Reached skill level 10 in Shields
 10389 | Lair:3   | Reached skill level 1 in Spellcasting
 10399 | Lair:3   | Received a gift from Okawaru
 10399 | Lair:3   | Reached skill level 5 in Dodging
 10465 | Lair:3   | Found a frozen archway.
 10531 | IceCv    | Entered an ice cave
 10990 | IceCv    | Received a gift from Okawaru
 10993 | IceCv    | Got a faintly humming scarf {god gift}
 11004 | IceCv    | Identified the scarf of Satisfaction {SInv} (Okawaru gifted it to you in an ice cave)
 11606 | Lair:3   | Reached XP level 13. HP: 110/110 MP: 14/14
 11808 | Lair:3   | Noticed a dire elephant
 11833 | Lair:3   | Noticed a catoblepas
 11845 | Lair:3   | Killed a catoblepas
 11941 | Lair:3   | Reached skill level 10 in Fighting
 11992 | Lair:3   | Received a gift from Okawaru
 12174 | Lair:3   | Found a staircase to the Shoals.
 12492 | Lair:3   | Killed a dire elephant
 12492 | Lair:3   | Reached skill level 15 in Axes
 12822 | Lair:4   | Reached XP level 14. HP: 121/121 MP: 11/15
 13473 | Lair:5   | Found a staircase to the Slime Pits.
 13473 | Lair:5   | Found a viscous altar of Jiyva.
 14217 | Lair:6   | Entered Level 6 of the Lair of Beasts
 14218 | Lair:6   | Noticed Thaneod's ghost (journeyman MiBe)
 14237 | Lair:6   | Killed Thaneod's ghost
 14237 | Lair:6   | Reached ****** piety under Okawaru
 14387 | Lair:6   | Received a gift from Okawaru
 14924 | Lair:6   | Received a gift from Okawaru
 14983 | Lair:6   | Reached XP level 15. HP: 118/129 MP: 15/18
 15559 | D:11     | Found a sparkling altar of Nemelex Xobeh.
 15642 | D:11     | Found a staircase to the Orcish Mines.
 15701 | D:11     | Found Weit Fio's Assorted Antiques.
 15816 | D:11     | Found a shimmering altar of Xom.
 16755 | D:13     | Noticed ThereIsNoGod's ghost (journeyman DrIE)
 16761 | D:13     | Received a gift from Okawaru
 16868 | D:13     | Found a gate to the Vaults.
 16872 | D:13     | Killed ThereIsNoGod's ghost
 16937 | D:13     | Found a white marble altar of Elyvilon.
 17668 | D:14     | Found a stormy altar of Qazlal.
 17714 | D:14     | Got a bloodstained leather armour
 17718 | D:14     | Received a gift from Okawaru
 17736 | D:14     | Found a flagged portal.
 17752 | Bailey   | Entered a bailey
 17930 | Bailey   | Identified the +0 leather armour of Submission {rC+ rN+ MP+9} (You found it on level 14 of the Dungeon)
 18312 | Orc:1    | Entered Level 1 of the Orcish Mines
 18412 | Orc:1    | Noticed a stone giant
 18426 | Orc:1    | You are sucked into a shaft!
 18426 | Orc:2    | Entered Level 2 of the Orcish Mines
 18580 | Orc:2    | Found a roughly hewn altar of Beogh.
 18586 | Orc:2    | Noticed an orc warlord
 18597 | Orc:2    | Killed an orc warlord
 18751 | Orc:2    | Found Coigyet's General Store.
 18753 | Orc:2    | Found Kocitenn's Magic Scroll Shop.
 18756 | Orc:2    | Reached XP level 16. HP: 126/139 MP: 19/19
 18871 | Orc:2    | Identified a scroll of acquirement
 18872 | Orc:2    | Got a clouded glass ring
 18874 | Orc:2    | Identified the ring "Fioloun" {Wiz rN+} (You acquired it on level 2 of the Orcish Mines)
 19031 | Orc:2    | Noticed Maurice
 19032 | Orc:2    | Noticed Donald
 19036 | Orc:2    | Killed Maurice
 19044 | Orc:2    | Killed Donald
 19054 | Orc:2    | Found a staircase to the Elven Halls.
 19207 | Orc:2    | Learned a level 1 spell: Apportation
 19703 | Orc:2    | Received a gift from Okawaru
 19919 | Orc:2    | Found Fabu's Antique Armour Shoppe.
 19919 | Orc:2    | Found Igestue's Gadget Emporium.
 19919 | Orc:2    | Found a one-way gate leading to the halls of Pandemonium.
 19923 | Orc:2    | Bought a pair of glowing gloves for 247 gold pieces
 20077 | Orc:1    | Noticed Gastronok
 20094 | Orc:1    | Killed Gastronok
 20329 | D:15     | Entered Level 15 of the Dungeon
 20494 | D:15     | Noticed Nessos
 20512 | D:15     | Killed Nessos
 20546 | D:15     | Noticed Rupert
 20557 | D:15     | Killed Rupert
 20596 | D:15     | Received a gift from Okawaru
 20646 | D:15     | Reached XP level 17. HP: 138/149 MP: 18/20
 20792 | D:15     | Found a staircase to the Depths.
 20901 | D:15     | Noticed Sonja
 20907 | D:15     | Killed Sonja
 21380 | Spider:1 | Entered Level 1 of the Spider Nest
 21417 | Spider:1 | Received a gift from Okawaru
 21420 | Spider:1 | Got a pair of twisted boots {god gift}
 21431 | Spider:1 | Identified the +2 pair of boots of Greed {rPois Dex+2} (Okawaru gifted it to you on level 1 of the Spider Nest)
 21558 | Spider:1 | Reached skill level 1 in Throwing
 22306 | Spider:2 | Received a gift from Okawaru
 22862 | Spider:3 | Noticed Aizul
 22872 | Spider:3 | Killed Aizul
 22876 | Spider:3 | Reached skill level 1 in Translocations
 22915 | Spider:3 | Reached XP level 18. HP: 121/159 MP: 21/21
 23225 | Spider:4 | Entered Level 4 of the Spider Nest
 23398 | Spider:4 | Received a gift from Okawaru
 23399 | Spider:4 | Got a scorched broad axe {god gift}
 23434 | Spider:4 | Identified the +1 broad axe of the Orcish Mines {chop, *Drain Str+2 Stlth+} (Okawaru gifted it to you on level 4 of the Spider Nest)
 23624 | Spider:4 | Reached skill level 10 in Armour
 23661 | Spider:4 | Reached skill level 15 in Shields
 23894 | Spider:4 | Received a gift from Okawaru
 24097 | Spider:4 | Got a gossamer rune of Zot
 24252 | Spider:1 | Reached skill level 1 in Evocations
 24410 | Vaults:1 | Entered Level 1 of the Vaults
 24586 | Vaults:1 | Received a gift from Okawaru
 24602 | Vaults:1 | Got a warped plate armour {god gift}
 24720 | Vaults:1 | Identified the +0 plate armour of the Unbroken {*Contam rN++ Str-2 Int+9} (Okawaru gifted it to you on level 1 of the Vaults)
 24925 | Vaults:1 | Reached XP level 19. HP: 168/168 MP: 18/23
 25186 | Vaults:1 | Identified the Reference Book on Earthen Conjuration
 25659 | Vaults:1 | Reached skill level 1 in Crossbows
 26253 | Vaults:2 | Reached skill level 1 in Necromancy
 26339 | Vaults:2 | Found a magical portal.
 26355 | WizLab   | Entered Iskenderun's Mystic Tower
 27277 | WizLab   | Received a gift from Okawaru
 28209 | WizLab   | Reached skill level 15 in Fighting
 28840 | WizLab   | Identified Iskenderun's Disquisition on Attacks
 28840 | WizLab   | Identified Iskenderun's Compendium of Confrontation
 29199 | Vaults:2 | Reached XP level 20. HP: 172/178 MP: 24/24
 29312 | Vaults:2 | Noticed Mara
 29323 | Vaults:2 | Noticed dvd's illusion
 29329 | Vaults:2 | Killed Mara
 29329 | Vaults:2 | Received a gift from Okawaru
 29732 | Vaults:2 | Reached skill level 5 in Necromancy
 29788 | Vaults:2 | Reached skill level 5 in Crossbows
 30948 | Vaults:2 | Reached skill level 5 in Charms
 31259 | Vaults:2 | Found a staircase to the Crypt.
 31261 | Vaults:2 | Reached XP level 21. HP: 185/185 MP: 27/27
 31408 | Vaults:1 | Received a gift from Okawaru
 31645 | Shoals:1 | Entered Level 1 of the Shoals
 32913 | Shoals:2 | Received a gift from Okawaru
 33557 | Shoals:3 | Received a gift from Okawaru
 33563 | Shoals:3 | Got a pair of ancient gloves {god gift}
 33574 | Shoals:3 | Identified the +2 pair of gloves "Gyoz Tasoih" {Dex+2} (Okawaru gifted it to you on level 3 of the Shoals)
 34383 | Shoals:4 | Entered Level 4 of the Shoals
 34383 | Shoals:4 | Noticed Ilsuiw
 34390 | Shoals:4 | Reached skill level 5 in Spellcasting
 34426 | Shoals:4 | Killed Ilsuiw
 34712 | Shoals:4 | Found a flickering gateway to a bazaar.
 34721 | Bazaar   | Entered a bazaar
 34726 | Bazaar   | Found Busheo's Armour Emporium.
 34732 | Bazaar   | Found Noyrr's Antique Armour Shoppe.
 34742 | Bazaar   | Bought a pitted scale mail for 270 gold pieces
 34742 | Bazaar   | Bought a warped buckler for 285 gold pieces
 34752 | Bazaar   | Identified the +0 scale mail of the Assorted Tales {Dex+4 SInv} (You bought it in a shop in a bazaar)
 34762 | Bazaar   | Identified the cursed +0 buckler of Magic {*Contam rPois Stlth+} (You bought it in a shop in a bazaar)
 34793 | Bazaar   | Found Wuywaf's Jewellery Shoppe.
 34801 | Bazaar   | Bought the ring "Oseq" {rCorr Str+3 Dex+2 Slay+3 Stlth-} for 584 gold pieces
 34829 | Bazaar   | Found Hucij's Magic Scroll Shop.
 34829 | Bazaar   | Found Tuudih's Food Boutique.
 35006 | Shoals:4 | Identified the Guide on Cankerous Battle Magic
 35048 | Shoals:4 | Identified the cursed +3 shortbow of Certain Death {speed, +Inv} (You found it on level 4 of the Shoals)
 35492 | Shoals:4 | Received a gift from Okawaru
 35728 | Shoals:4 | Got a barnacled rune of Zot
 35828 | Shoals:4 | Reached XP level 22. HP: 195/195 MP: 29/29
 36371 | Elf:1    | Entered Level 1 of the Elven Halls
 36371 | Elf:1    | Noticed Louise
 36381 | Elf:1    | Received a gift from Okawaru
 36388 | Elf:1    | Killed Louise
 36432 | Elf:1    | Found Tiranam's Weapon Emporium.
 36437 | Elf:1    | Found Perch's Gadget Shoppe.
 36441 | Elf:1    | Found Wyseneamya's Antique Armour Emporium.
 36448 | Elf:1    | Bought a pair of transparent boots for 247 gold pieces
 36448 | Elf:1    | Identified the +2 pair of boots of the Ego {rC- Regen+ MP+9 Slay+5} (You bought it in a shop on level 1 of the Elven Halls)
 36679 | Elf:1    | Received a gift from Okawaru
 36723 | Elf:1    | Identified Aseam's Almanac of Dark Rites
 36904 | Elf:1    | Got a wavering bronze ring
 36906 | Elf:1    | Identified the ring of Vedomezo {rC+ Str+2 Stlth+} (You acquired it on level 1 of the Elven Halls)
 37985 | Elf:2    | Found Liabetz's Magic Scroll Emporium.
 37993 | Elf:2    | Bought a scroll of enchant armour for 97 gold pieces
 38116 | Elf:2    | Found a runed gate.
 38116 | Elf:2    | Found a runed gate.
 38116 | Elf:2    | Found a runed gate.
 38695 | Elf:3    | Entered Level 3 of the Elven Halls
 38734 | Elf:3    | Noticed dxctxrx's ghost (adept DrCj)
 38744 | Elf:3    | Killed dxctxrx's ghost
 39005 | Elf:3    | Received a gift from Okawaru
 39017 | Elf:3    | HP: 6/198 [soul eater/drain life[a deep elf demonologist] (14)]
 39019 | Elf:3    | HP: 2/198 [Hell Sentinel's spines[a deep elf demonologist] (10)]
 39284 | Elf:3    | Reached XP level 23. HP: 147/204 MP: 30/30
 39386 | Elf:3    | Got a coiled brass ring
 39387 | Elf:3    | Identified the ring "Fumonug" {rPois rF+++ rN+ Int-5 Stlth-} (You acquired it on level 3 of the Elven Halls)
 39560 | Elf:3    | Identified the ring "Luxte" {rF+ Int+2} (You took it off a deep elf annihilator on level 3 of the Elven Halls)
 39613 | Elf:3    | Received a gift from Okawaru
 39628 | Elf:3    | Got a scorched brass ring
 39629 | Elf:3    | Identified the ring of Jealousy {Fire rPois rN+ Int+3 Dex+4} (You took it off a deep elf mage on level 3 of the Elven Halls)
 39646 | Elf:3    | Got ancient storm dragon scales
 39647 | Elf:3    | Identified the +4 storm dragon scales "Xuefekil" {rElec Int+4} (You found it on level 3 of the Elven Halls)
 39839 | Elf:3    | Identified the +5 chain mail of the Will of the Gods {rElec SInv Stlth-} (You found it on level 3 of the Elven Halls)
 40167 | Elf:3    | Noticed Saint Roka
 40187 | Elf:3    | Killed Saint Roka
 40187 | Elf:3    | Received a gift from Okawaru
 40861 | Vaults:3 | Learned a level 6 spell: Deflect Missiles
 40909 | Vaults:3 | Reached skill level 5 in Invocations
 41297 | Vaults:3 | Found Cacymp's Food Shop.
 41985 | Vaults:4 | Reached XP level 24. HP: 215/215 MP: 31/31
 42033 | Vaults:4 | Received a gift from Okawaru
 42043 | Vaults:4 | Found a portal to a secret trove of treasure.
 43150 | Vaults:5 | Entered Level 5 of the Vaults
 43174 | Vaults:5 | Received a gift from Okawaru
 43198 | Vaults:5 | Received a gift from Okawaru
 43209 | Vaults:5 | Received a gift from Okawaru
 43407 | Vaults:5 | Reached XP level 25. HP: 213/225 MP: 31/31
 43773 | Vaults:5 | Received a gift from Okawaru
 43930 | Vaults:5 | Got a silver rune of Zot
 44365 | Vaults:5 | Noticed a shard shrike
 44365 | Vaults:5 | a titan changed into a shard shrike
 44373 | Vaults:5 | Killed a shard shrike
 44433 | Vaults:5 | Received a gift from Okawaru
 45487 | Slime:1  | Entered Level 1 of the Pits of Slime
 45494 | Slime:1  | Reached XP level 26. HP: 191/236 MP: 31/31
 46774 | Slime:4  | Reached skill level 10 in Crossbows
 47028 | Slime:5  | Entered Level 5 of the Pits of Slime
 47046 | Slime:5  | Received a gift from Okawaru
 47049 | Slime:5  | Got a shimmering war axe {god gift}
 47050 | Slime:5  | Identified the +8 war axe of the Equinox {speed, rElec rPois Int-4} (Okawaru gifted it to you on level 5 of the Pits of Slime)
 47093 | Slime:5  | Found a viscous altar of Jiyva.
 47272 | Slime:5  | Noticed the Royal Jelly
 47285 | Slime:5  | Killed the Royal Jelly
 47521 | Slime:5  | Received a gift from Okawaru
 47642 | Slime:5  | Got a shimmering ivory ring
 47644 | Slime:5  | Identified the ring "Ruawyam" {*Slow +Fly rN+ SInv Stlth+} (You found it on level 5 of the Pits of Slime)
 47676 | Slime:5  | Got a slimy rune of Zot
 47691 | Slime:5  | Got a vibrating bronze ring
 47693 | Slime:5  | Identified the ring "Tuihiely" {rF+ rC+ Int-2 Dex+5 Stlth+} (You found it on level 5 of the Pits of Slime)
 48010 | Slime:5  | Gained mutation: You occasionally shout uncontrollably at your foes. [a shining eye]
 48012 | Slime:5  | Lost mutation: You are robust. (+10% HP) [a shining eye]
 48289 | Depths:1 | Entered Level 1 of the Depths
 48306 | Depths:1 | Found a gateway to Hell.
 48306 | Depths:1 | Noticed Margery
 48317 | Depths:1 | Killed Margery
 48408 | Depths:1 | Found Niotuqio's Distillery.
 48419 | Depths:1 | Found Doppuo Zoxo's Gadget Shoppe.
 48640 | Depths:1 | Found Sacyqob's Blood Bar.
 49301 | Depths:1 | Reached XP level 27. HP: 224/224 MP: 33/33
 49568 | Depths:1 | Found a one-way gate to the infinite horrors of the Abyss.
 49873 | Depths:1 | Voluntarily entered the Abyss.
 50593 | Abyss:2  | Found an opulent altar of Gozag.
 51102 | Abyss:2  | Received a gift from Okawaru
 51576 | Abyss:4  | Got an abyssal rune of Zot
 51623 | Abyss:4  | Gained mutation: You do not regenerate when monsters are visible. [a neqoxec]
 51626 | Abyss:4  | Lost mutation: You occasionally shout uncontrollably at your foes. [potion of mutation]
 51626 | Abyss:4  | Lost mutation: You are partially covered in icy blue scales. (AC +2) [potion of mutation]
 51626 | Abyss:4  | Gained mutation: Your flesh is heat resistant. (rF+) [potion of mutation]
 51626 | Abyss:4  | Gained mutation: You possess an exceptional clarity of mind. [potion of mutation]
 51627 | Abyss:4  | Lost mutation: You possess an exceptional clarity of mind. [potion of mutation]
 51627 | Abyss:4  | Lost mutation: Your flesh is heat resistant. (rF+) [potion of mutation]
 51627 | Abyss:4  | Lost mutation: You do not regenerate when monsters are visible. [potion of mutation]
 51627 | Abyss:4  | Lost mutation: You are partially covered in slimy green scales. (AC +2) [potion of mutation]
 51627 | Abyss:4  | Gained mutation: Your flesh is heat resistant. (rF+) [potion of mutation]
 51627 | Abyss:4  | Gained mutation: You are partially covered in large bone plates. (SH +4) [potion of mutation]
 51729 | Abyss:4  | Received a gift from Okawaru
 51935 | Depths:1 | Escaped the Abyss
 52001 | Depths:2 | Received a gift from Okawaru
 52213 | Depths:2 | Received a gift from Okawaru
 52280 | Depths:2 | Reached skill level 27 in Axes
 52536 | Depths:2 | Noticed a juggernaut
 52548 | Depths:2 | Killed a juggernaut
 52839 | Depths:2 | Received a gift from Okawaru
 53159 | Depths:3 | Noticed a juggernaut
 53181 | Depths:3 | Killed a juggernaut
 53332 | Depths:3 | Received a gift from Okawaru
 53385 | Depths:3 | Identified the +5 chain mail of Uboisoy {Int+5 Dex-4} (Okawaru gifted it to you on level 3 of the Depths)
 53552 | Depths:3 | Noticed Mennas
 53579 | Depths:3 | Killed Mennas
 54296 | Depths:3 | Got a flickering platinum amulet
 54298 | Depths:3 | Identified the amulet "Fusycs" {Spirit +Inv rPois rF+ MR-} (You acquired it on level 3 of the Depths)
 54566 | Depths:4 | Identified the +7 chain mail "Qocow" {rC+} (You found it on level 4 of the Depths)
 54753 | Depths:4 | Noticed Frederick
 54760 | Depths:4 | Killed Frederick
 54828 | Depths:4 | Received a gift from Okawaru
 55237 | Depths:4 | Noticed a juggernaut
 55251 | Depths:4 | Killed a juggernaut
 55556 | Depths:5 | Entered Level 5 of the Depths
 55701 | Depths:5 | Found a gateway to a ziggurat.
 55862 | Depths:5 | Received a gift from Okawaru
 55869 | Depths:5 | Identified the +4 chain mail of Unreason {rElec rF+} (Okawaru gifted it to you on level 5 of the Depths)
 55900 | Depths:5 | Found a gate to the Realm of Zot.
 56598 | Crypt:1  | Entered Level 1 of the Crypt
 57304 | Crypt:2  | Reached skill level 15 in Armour
 58070 | Crypt:3  | Entered Level 3 of the Crypt
 58144 | Crypt:3  | Reached skill level 5 in Translocations
 58182 | Crypt:3  | Noticed an ancient lich
 58188 | Crypt:3  | Killed an ancient lich
 58188 | Crypt:3  | Received a gift from Okawaru
 58417 | Crypt:3  | Noticed an ancient lich
 58423 | Crypt:3  | Killed an ancient lich
 58430 | Crypt:3  | Found an ancient bone altar of Kikubaaqudgha.
 58471 | Crypt:3  | Identified the Compendium of Poisoning and Translocation
 58577 | Crypt:3  | Got a faintly glowing iron ring
 58671 | Crypt:3  | Identified the ring "Oczobeop" {rN+ SInv} (You took it off a skeletal warrior on level 3 of the Crypt)
 58677 | Crypt:3  | Identified the ring "Idubrudd" {rPois rN+ Str+5 Int-4} (You found it on level 3 of the Crypt)
 58758 | Crypt:3  | Found a staircase to the Tomb.
 58930 | Crypt:3  | Identified the ring "Ygesoovu" {+Blink rN+ MR+ Int+6} (You took it off a necromancer on level 3 of the Crypt)
 59421 | Hell     | Entered the Vestibule of Hell
 59421 | Hell     | Noticed Geryon
 59441 | Hell     | Killed Geryon
 59695 | Hell     | Found a gateway to the ashen valley of Gehenna.
 59842 | Hell     | Found a gateway to the decaying netherworld of Tartarus.
 59941 | Hell     | Received a gift from Okawaru
 59953 | Hell     | Found a gateway to the freezing wastes of Cocytus.
 60227 | Temple   | Fell from the grace of Okawaru
 60227 | Temple   | Became a worshipper of the Shining One
 60601 | Hell     | Reached * piety under the Shining One
 60678 | Hell     | Found a gateway to the Iron City of Dis.
 60784 | Pan      | Entered Pandemonium
 60815 | Pan      | Reached ** piety under the Shining One
 61039 | Pan      | Noticed Mughidd the pandemonium lord
 61055 | Pan      | Killed Mughidd the pandemonium lord
 61055 | Pan      | Reached *** piety under the Shining One
 61169 | Pan      | Lost intelligence.
 61336 | Pan      | Found an exit through the horrors of the Abyss.
 61358 | Pan      | Reached **** piety under the Shining One
 61654 | Pan      | Entered the realm of Gloorx Vloq.
 61689 | Pan      | Reached ***** piety under the Shining One
 62125 | Pan      | Found an exit through the horrors of the Abyss.
 62360 | Pan      | Reached ****** piety under the Shining One
 62363 | Pan      | Identified a +9 executioner's axe of holy wrath (a +9 executioner's axe of freezing blessed by the Shining One)
 62363 | Pan      | Received a gift from the Shining One
 62446 | Pan      | Noticed Gloorx Vloq
 62456 | Pan      | Killed Gloorx Vloq
 62487 | Pan      | Got a dark rune of Zot
 62544 | Pan      | Got a translucent hand axe
 62545 | Pan      | Identified the +3 hand axe "Beplu" {drain, Int+7} (You found it in Pandemonium)
 62846 | Pan      | Found an exit through the horrors of the Abyss.
 63112 | Pan      | Noticed Kituexom the pandemonium lord
 63128 | Pan      | Killed Kituexom the pandemonium lord
 63573 | Pan      | Found an exit through the horrors of the Abyss.
 63888 | Pan      | Noticed Usyry the pandemonium lord
 63910 | Pan      | Killed Usyry the pandemonium lord
 64045 | Pan      | Got a brightly glowing flail
 64046 | Pan      | Identified the +5 flail of the Dwarven Hall {flame, +Fly rC+ rN+} (You found it in Pandemonium)
 64558 | Pan      | Found a runed door.
 64582 | Pan      | Found a runed door.
 64595 | Pan      | Found a runed door.
 64612 | Pan      | Found a runed door.
 65152 | Pan      | Found an exit through the horrors of the Abyss.
 65581 | Pan      | Noticed Guosuef the pandemonium lord
 65586 | Pan      | Killed Guosuef the pandemonium lord
 65599 | Pan      | Identified the ring of Tytos {MR+ MP+9} (You found it in Pandemonium)
 65611 | Pan      | Identified the +8 halberd of Mutilation {flame, rC+} (You found it in Pandemonium)
 65619 | Pan      | Identified the ring "Degaur" {Fire Int+2 Dex+4 Slay+2} (You found it in Pandemonium)
 65937 | Pan      | Found a runed door.
 65964 | Pan      | Found a runed door.
 65964 | Pan      | Noticed Tilef the pandemonium lord
 65965 | Pan      | Found a runed door.
 65965 | Pan      | Found a runed door.
 65974 | Pan      | Killed Tilef the pandemonium lord
 65990 | Pan      | Got a pitted lead ring
 65997 | Pan      | Identified the +1 pair of boots "Peolir" {rF++ Regen+ Str+4 Dex-4} (You found it in Pandemonium)
 66067 | Pan      | Found an exit through the horrors of the Abyss.
 66236 | Pan      | Identified the Reference Book on Orientation and Weightlessness
 66818 | Pan      | Reached skill level 15 in Crossbows
 67004 | Pan      | Found an exit through the horrors of the Abyss.
 67054 | Pan      | Noticed Fipib the pandemonium lord
 67057 | Pan      | Killed Fipib the pandemonium lord
 67065 | Pan      | Gained mutation: You are frail. (-10% HP) [a neqoxec]
 67070 | Pan      | Lost mutation: You are partially covered in large bone plates. (SH +4) [potion of mutation]
 67070 | Pan      | Gained mutation: Your spells are a little harder to cast, but a little more powerful. [potion of mutation]
 67070 | Pan      | Gained mutation: Your mind is acute. (Int +2) [potion of mutation]
 67071 | Pan      | Lost mutation: Your flesh is heat resistant. (rF+) [potion of mutation]
 67071 | Pan      | Lost mutation: Your mind is acute. (Int +2) [potion of mutation]
 67071 | Pan      | Gained mutation: You evolve. [potion of mutation]
 67071 | Pan      | Gained mutation: You are resistant to hostile enchantments. (MR+) [potion of mutation]
 67072 | Pan      | Lost mutation: You are frail. (-10% HP) [potion of mutation]
 67072 | Pan      | Lost mutation: Your spells are a little harder to cast, but a little more powerful. [potion of mutation]
 67072 | Pan      | Lost mutation: You are resistant to hostile enchantments. (MR+) [potion of mutation]
 67072 | Pan      | Lost mutation: You evolve. [potion of mutation]
 67072 | Pan      | Gained mutation: Your mind is acute. (Int +2) [potion of mutation]
 67072 | Pan      | Gained mutation: You evolve. [potion of mutation]
 67735 | Pan      | Entered the realm of Lom Lobon.
 67811 | Pan      | Noticed Lom Lobon
 67820 | Pan      | Got a magical rune of Zot
 67824 | Pan      | Killed Lom Lobon
 67824 | Pan      | Reached skill level 10 in Invocations
 67873 | Pan      | Was forgiven by Okawaru
 68130 | Pan      | Found an exit through the horrors of the Abyss.
 68665 | Pan      | Gained mutation: You are partially covered in iridescent scales. (AC +2) [evolution]
 68882 | Pan      | Noticed Orpha the pandemonium lord
 68893 | Pan      | Killed Orpha the pandemonium lord
 68998 | Pan      | Found a runed door.
 69009 | Pan      | Got a demonic rune of Zot
 69063 | Pan      | Found an exit through the horrors of the Abyss.
 69715 | Pan      | Identified the cursed +0 chain mail "Husty" {-Cast MR+ SInv} (You found it in Pandemonium)
 69723 | Pan      | Identified the ring "Ginweok" {rC+ Int+5 Dex+2} (You took it off a blood saint in Pandemonium)
 70081 | Pan      | Found an exit through the horrors of the Abyss.
 70181 | Pan      | Gained mutation: Scrolls take you a little longer to read. [a neqoxec]
 71206 | Pan      | Reached skill level 27 in Shields
 71963 | Pan      | Found a white marble altar of Elyvilon.
 72529 | Pan      | Found a glowing silver altar of Zin.
 72723 | Pan      | Noticed a seraph
 72754 | Pan      | Killed a seraph
 72754 | Pan      | Reached skill level 27 in Fighting
 72770 | Pan      | Found a glowing golden altar of the Shining One.
 72789 | Pan      | Got an encrusted war axe
 72790 | Pan      | Identified the +9 war axe of Ru's Esteem {freeze, rC+ Dex+4} (You found it in Pandemonium)
 72801 | Pan      | Identified the Compendium of Ashen Ice
 72849 | Pan      | Got a jewelled chain mail
 72860 | Pan      | Identified the +4 chain mail "Ogamal" {Str+2} (You found it in Pandemonium)
 73513 | Pan      | Found an exit through the horrors of the Abyss.
 73513 | Pan      | Noticed Beimyor the pandemonium lord
 73522 | Pan      | Killed Beimyor the pandemonium lord
 73983 | Pan      | Noticed Puovybot the pandemonium lord
 74004 | Pan      | Killed Puovybot the pandemonium lord
 74107 | Pan      | Gained mutation: Your natural rate of healing is unusually fast. [a cacodemon]
 74110 | Pan      | Gained mutation: Your body sometimes deteriorates upon taking damage. [a cacodemon]
 74111 | Pan      | Gained mutation: You are partially covered in large bone plates. (SH +4) [a cacodemon]
 74218 | Pan      | Found an exit through the horrors of the Abyss.
 74753 | Pan      | Noticed Miom Ere the pandemonium lord
 74764 | Pan      | Killed Miom Ere the pandemonium lord
 75027 | Pan      | Found an exit through the horrors of the Abyss.
 76059 | Pan      | Found an exit through the horrors of the Abyss.
 76144 | Pan      | Noticed Detimub the pandemonium lord
 76152 | Pan      | Killed Detimub the pandemonium lord
 76224 | Pan      | Gained mutation: You possess an exceptional clarity of mind. [evolution]
 76326 | Pan      | Noticed Fito Ycy the pandemonium lord
 76331 | Pan      | Killed Fito Ycy the pandemonium lord
 76546 | Pan      | Found an exit through the horrors of the Abyss.
 76981 | Pan      | Noticed Hafen the pandemonium lord
 76988 | Pan      | Killed Hafen the pandemonium lord
 77113 | Pan      | Reached skill level 10 in Charms
 77143 | Pan      | Found an exit through the horrors of the Abyss.
 77474 | Pan      | Lost mutation: Your mind is acute. (Int +2) [a neqoxec]
 77685 | Pan      | Noticed Nimih the pandemonium lord
 77694 | Pan      | Killed Nimih the pandemonium lord
 77964 | Pan      | Found an exit through the horrors of the Abyss.
 78457 | Pan      | Entered the realm of Mnoleg.
 78535 | Pan      | Gained mutation: Your body often deteriorates upon taking damage. [a shining eye]
 78537 | Pan      | Gained mutation: Armour fits poorly on your strangely shaped body. [a shining eye]
 78538 | Pan      | Gained mutation: You are clumsy. (Dex -2) [a shining eye]
 78539 | Pan      | Gained mutation: You are weak. (Str -2) [a shining eye]
 78540 | Pan      | Noticed Mnoleg
 78558 | Pan      | Gained mutation: Your magical capacity is low. (-10% MP) [a shining eye]
 78562 | Pan      | Killed Mnoleg
 78564 | Pan      | Reached skill level 15 in Invocations
 78567 | Pan      | Lost mutation: Your natural rate of healing is unusually fast. [a neqoxec]
 78790 | Pan      | Found an exit through the horrors of the Abyss.
 78992 | Pan      | Gained mutation: You expend magic power (3 MP) to strengthen your wands. [a neqoxec]
 79000 | Pan      | Gained mutation: Your spells are a little harder to cast, but a little more powerful. [a cacodemon]
 79032 | Pan      | Got a glowing rune of Zot
 79373 | Pan      | Lost mutation: You possess an exceptional clarity of mind. [potion of mutation]
 79373 | Pan      | Lost mutation: Your body often deteriorates upon taking damage. [potion of mutation]
 79373 | Pan      | Lost mutation: Your spells are a little harder to cast, but a little more powerful. [potion of mutation]
 79373 | Pan      | Lost mutation: Your magical capacity is low. (-10% MP) [potion of mutation]
 79373 | Pan      | Gained mutation: Your flesh is cold resistant. (rC+) [potion of mutation]
 79373 | Pan      | Lost mutation: You are weak. (Str -2) [potion of mutation]
 79374 | Pan      | Lost mutation: Armour fits poorly on your strangely shaped body. [potion of mutation]
 79374 | Pan      | Lost mutation: You are clumsy. (Dex -2) [potion of mutation]
 79374 | Pan      | Lost mutation: Scrolls take you a little longer to read. [potion of mutation]
 79374 | Pan      | Lost mutation: You evolve. [potion of mutation]
 79374 | Pan      | Lost mutation: You are partially covered in iridescent scales. (AC +2) [potion of mutation]
 79374 | Pan      | Lost mutation: You expend magic power (3 MP) to strengthen your wands. [potion of mutation]
 79374 | Pan      | Gained mutation: You are robust. (+10% HP) [potion of mutation]
 79374 | Pan      | Gained mutation: Your movements are slightly less encumbered by armour. (ER -2) [potion of mutation]
 79394 | Pan      | Gained mutation: Armour fits poorly on your strangely shaped body. [a neqoxec]
 79426 | Pan      | Entered the realm of Cerebov.
 79625 | Pan      | Found an exit through the horrors of the Abyss.
 80325 | Pan      | Identified Sif Muna's Compendium of the Mountains and Talismans
 80433 | Pan      | Got a twisted hand crossbow
 80434 | Pan      | Identified the +5 hand crossbow of Change {elec, Dex+4} (You found it in Pandemonium)
 80540 | Pan      | Noticed Cerebov
 80563 | Pan      | Killed Cerebov
 80632 | Pan      | Got a fiery rune of Zot
 80827 | Pan      | Took an exit into the Abyss.
 80827 | Abyss:1  | Escaped into the Abyss
 80879 | Abyss:1  | Noticed an ancient lich
 80885 | Abyss:1  | Killed an ancient lich
 81023 | Depths:3 | Escaped the Abyss
 81137 | Geh:1    | Entered Level 1 of Gehenna
 82194 | Geh:7    | Entered Level 7 of Gehenna
 82618 | Geh:7    | Noticed Asmodeus
 82635 | Geh:7    | Killed Asmodeus
 82652 | Geh:7    | Got an obsidian rune of Zot
 82966 | Dis:1    | Entered Level 1 of the Iron City of Dis
 83389 | Dis:7    | Entered Level 7 of the Iron City of Dis
 83948 | Dis:7    | Noticed Dispater
 83963 | Dis:7    | Killed Dispater
 83988 | Dis:7    | Got an iron rune of Zot
 84150 | Coc:1    | Entered Level 1 of Cocytus
 84239 | Coc:4    | Noticed a shard shrike
 84244 | Coc:4    | Killed a shard shrike
 84244 | Coc:4    | Reached skill level 27 in Armour
 84409 | Coc:5    | Noticed a shard shrike
 84409 | Coc:5    | Noticed a shard shrike
 84415 | Coc:5    | Killed a shard shrike
 84416 | Coc:5    | Killed a shard shrike
 84535 | Coc:7    | Entered Level 7 of Cocytus
 84640 | Coc:7    | Noticed the Serpent of Hell
 84648 | Coc:7    | Killed the Serpent of Hell
 84951 | Coc:7    | Noticed a shard shrike
 84957 | Coc:7    | Killed a shard shrike
 84957 | Coc:7    | Reached skill level 15 in Charms
 85034 | Coc:7    | Reached skill level 1 in Air Magic
 85317 | Coc:7    | Reached skill level 10 in Spellcasting
 85671 | Coc:7    | Identified the Compendium of the Forgotten Yaks
 85819 | Coc:7    | Noticed a shard shrike
 85838 | Coc:7    | Killed a shard shrike
 86020 | Coc:7    | Noticed Antaeus
 86035 | Coc:7    | Killed Antaeus
 86054 | Coc:7    | Got an icy rune of Zot
 86162 | Coc:7    | Noticed a shard shrike
 86166 | Coc:7    | Killed a shard shrike
 86392 | Tar:1    | Entered Level 1 of Tartarus
 87013 | Tar:7    | Entered Level 7 of Tartarus
 87119 | Tar:7    | Got a pitted platinum ring
 87122 | Tar:7    | Identified the ring of Suspected Treachery {Wiz rF+} (You found it on level 7 of Tartarus)
 87299 | Tar:7    | Noticed an ancient lich
 87329 | Tar:7    | Reached skill level 5 in Air Magic
 87342 | Tar:7    | Killed an ancient lich
 87421 | Tar:7    | Noticed Ereshkigal
 87435 | Tar:7    | Killed Ereshkigal
 87474 | Tar:7    | Got a bone rune of Zot
 87540 | Tar:7    | Noticed an ancient lich
 87549 | Tar:7    | Killed an ancient lich
 87549 | Tar:7    | Reached skill level 5 in Throwing
 87796 | Zot:1    | Entered Level 1 of the Realm of Zot
 88835 | Zot:2    | Noticed an orb of fire
 88843 | Zot:2    | Killed an orb of fire
 89973 | Zot:3    | Noticed an orb of fire
 89973 | Zot:3    | Gained mutation: You expend magic power (3 MP) to strengthen your wands. [an orb of fire]
 89980 | Zot:3    | Killed an orb of fire
 91160 | Zot:5    | Entered Level 5 of the Realm of Zot
 91269 | Zot:5    | Noticed an orb of fire
 91282 | Zot:5    | Killed an orb of fire
 91605 | Zot:5    | Noticed an orb of fire
 91618 | Zot:5    | Noticed an orb of fire
 91622 | Zot:5    | Killed an orb of fire
 91644 | Zot:5    | Gained mutation: You occasionally shout uncontrollably at your foes. [an orb of fire]
 91645 | Zot:5    | Gained mutation: You are dopey. (Int -2) [an orb of fire]
 91647 | Zot:5    | Killed an orb of fire
 91663 | Zot:5    | Noticed an orb of fire
 91682 | Zot:5    | Killed an orb of fire
 91732 | Zot:5    | Noticed an orb of fire
 91747 | Zot:5    | Noticed an orb of fire
 91748 | Zot:5    | Noticed an ancient lich
 91748 | Zot:5    | Gained mutation: Your spells are a little easier to cast, but a little less powerful. [an orb of fire]
 91753 | Zot:5    | Gained mutation: You are clumsy. (Dex -2) [an orb of fire]
 91754 | Zot:5    | Noticed an ancient lich
 91762 | Zot:5    | Killed an orb of fire
 91766 | Zot:5    | Killed an orb of fire
 91772 | Zot:5    | Killed an ancient lich
 91776 | Zot:5    | Killed an ancient lich
 91946 | Zot:5    | Got the Orb of Zot
 91969 | Zot:5    | Lost mutation: You are clumsy. (Dex -2) [potion of mutation]
 91969 | Zot:5    | Lost mutation: You occasionally shout uncontrollably at your foes. [potion of mutation]
 91969 | Zot:5    | Lost mutation: Your movements are slightly less encumbered by armour. (ER -2) [potion of mutation]
 91969 | Zot:5    | Lost mutation: Armour fits poorly on your strangely shaped body. [potion of mutation]
 91969 | Zot:5    | Lost mutation: Your body sometimes deteriorates upon taking damage. [potion of mutation]
 91969 | Zot:5    | Lost intelligence.
 91969 | Zot:5    | Gained mutation: You are very dopey. (Int -4) [potion of mutation]
 91969 | Zot:5    | Gained mutation: You are resistant to hostile enchantments. (MR+) [potion of mutation]
 92012 | Zot:5    | Noticed Ozxayrul the pandemonium lord
 92041 | Zot:5    | Killed Ozxayrul the pandemonium lord
 92166 | Zot:1    | Reached skill level 27 in Invocations
 92559 | D:9      | Noticed Xivabue the pandemonium lord
 92741 | D:$      | Escaped with the Orb!

Skill      XL: |  1  2  3  4  5  6  7  8  9 10 11 12 13 14 15 16 17 18 19 20 21 22 23 24 25 26 27 |
---------------+----------------------------------------------------------------------------------+-----
Shields        | 4 5 6 7 8 9 10 11 12 13 14 15 16 17 18 19 20 27 | 27.0
Axes           | 3 4 5 7 9 10 12 13 15 16 17 19 20 21 22 23 24 25 26 27 | 27.0
Fighting       | 4 5 6 7 8 9 10 11 12 13 14 15 16 17 18 19 20 27 | 27.0
Armour         | 4 5 6 7 8 9 10 11 12 27 | 27.0
Dodging        | 1 2 3 4 5 6 7 8 9 |  9.6
Stealth        | 1 2 3 4 |  4.7
Charms         | 3 4 5 6 18 | 18.1
Invocations    | 1 2 3 4 5 6 27 | 27.0
Spellcasting   | 1 2 3 4 5 6 14 | 14.5
Throwing       | 1 2 6 |  6.8
Translocations | 1 2 3 6 |  6.9
Evocations     | 1 |  1.2
Crossbows      | 4 5 6 7 9 10 25 | 25.6
Necromancy     | 3 6 7 |  7.7
Air Magic      | 9 |  9.5
Maces & Flails | |  0.4

Action                   |  1- 3 |  4- 6 |  7- 9 | 10-12 | 13-15 | 16-18 | 19-21 | 22-24 | 25-27 || total
-------------------------+-------+-------+-------+-------+-------+-------+-------+-------+-------++-------
Melee: War axe           |    89 |   109 |    42 |   450 |       |       |       |       |  1202 ||  1892
       Broad axe         |       |    63 |   227 |       |       |       |       |       |   125 ||   415
       Battleaxe         |       |       |       |   170 |   314 |       |       |       |       ||   484
       Executioner's axe |       |       |       |       |   453 |   790 |   827 |   751 |  5152 ||  7973
       Great mace        |       |       |       |       |     5 |       |       |       |       ||     5
       Arbalest          |       |       |       |       |       |       |     3 |       |       ||     3
 Fire: Arbalest          |       |       |       |       |       |    21 |   297 |    79 |  1412 ||  1809
Throw: Javelin           |       |       |       |     4 |     1 |    37 |       |     1 |    10 ||    53
 Cast: Shroud of Golubri |       |       |       |     2 |     6 |     1 |       |     1 |     6 ||    16
       Song of Slaying   |       |       |       |       |    14 |    14 |     7 |     1 |     2 ||    38
       Regeneration      |       |       |       |       |     4 |     1 |    27 |    12 |    54 ||    98
       Apportation       |       |       |       |       |       |     4 |       |       |    58 ||    62
       Deflect Missiles  |       |       |       |       |       |       |       |       |     1 ||     1
Invok: Heroism           |       |       |     3 |    17 |    16 |    19 |    19 |    15 |    27 ||   116
       Finesse           |       |       |       |       |     1 |     1 |     2 |     3 |     6 ||    13
       Summon Divine War |       |       |       |       |       |       |       |       |    16 ||    16
       Cleansing Flame   |       |       |       |       |       |       |       |       |    13 ||    13
       Divine Shield     |       |       |       |       |       |       |       |       |     2 ||     2
       Brand Weapon With |       |       |       |       |       |       |       |       |     1 ||     1
 Abil: Dig               |       |     1 |       |     1 |     4 |     2 |     3 |     6 |    33 ||    50
       Shaft Self        |       |       |       |       |     1 |       |       |       |       ||     1
Evoke: Wand              |       |       |       |       |       |    13 |       |     3 |       ||    16
  Use: Potion            |     2 |     1 |     2 |     8 |     2 |     2 |     2 |     5 |    32 ||    56
       Scroll            |       |     3 |     9 |     6 |    11 |    16 |    12 |    21 |    59 ||   137
 Stab: Sleeping          |       |       |       |     4 |       |       |       |       |       ||     4
       Petrified         |       |       |       |       |     2 |       |       |       |       ||     2
       Distracted        |       |       |       |       |       |     1 |     3 |       |       ||     4
  Eat: Chunk             |       |     6 |    12 |    13 |    28 |    18 |    37 |    21 |    81 ||   216
       Royal jelly       |       |       |       |     1 |       |       |       |       |    27 ||    28
       Meat ration       |       |       |       |     1 |       |     1 |     1 |     1 |     8 ||    12
       Fruit             |       |       |       |       |       |       |       |     1 |     3 ||     4
Armor: Scale mail        |    38 |     4 |       |       |       |       |       |       |       ||    42
       Chain mail        |       |    33 |       |       |    19 |   409 |   255 |    71 |       ||   787
       Ring mail         |       |    18 |    99 |   177 |    98 |       |       |       |       ||   392
       Storm dragon scal |       |       |       |       |   166 |       |       |    87 |   311 ||   564
       Gold dragon scale |       |       |       |       |       |       |       |       |  1147 ||  1147
Dodge: Dodged            |    30 |    41 |   122 |   225 |   318 |   392 |   271 |   187 |  1230 ||  2816
       Deflected         |       |       |       |       |       |       |       |       |     3 ||     3
Block: Shield            |    52 |    94 |   171 |   364 |   597 |   915 |   918 |   710 |  3294 ||  7115
       Reflection        |       |       |       |       |       |    18 |    89 |    88 |   192 ||   387
       Large shield      |       |       |       |       |       |       |       |       |  3956 ||  3956
